 Dungeon Crawl Stone Soup version 0.19-a0-712-g899c6ed (webtiles) character file.

735 TheGoonsmith the Archer (level 7, -1/56 HPs)
             Began as a Minotaur Hunter on June 19, 2016.
             Was a Follower of Okawaru.
             Succumbed to an orc wizard's poison
             ... on level 4 of the Dungeon.
             The game lasted 00:06:02 (4254 turns).

TheGoonsmith the Archer (Minotaur Hunter)           Turns: 4254, Time: 00:06:04

Health: -1/56      AC: 13    Str: 18    XL:     7   Next: 45%
Magic:  6/6        EV:  7    Int:  8    God:    Okawaru [*.....]
Gold:   168        SH:  0    Dex: 11    Spells: 0 memorised, 6 levels left

rFire  . . .     SeeInvis .     a - +1 shortbow
rCold  . . .     Gourm    .     k - +0 chain mail
rNeg   . . .     Faith    .     (shield currently unavailable)
rPois  .         Spirit   .     (helmet restricted)
rElec  .         Dismiss  .     t - +1 cloak
rCorr  .         Reflect  .     x - +2 pair of gloves
SustAt .         Harm     .     (no boots)
MR     .....                    (no amulet)
Stlth  ..........               (no ring)
                                (no ring)

@: lethally poisoned (-1 -> -58), not resistant to hostile enchantments,
extremely unstealthy
A: retaliatory headbutt, horns 2
a: Heroism, Renounce Religion


You were on level 4 of the Dungeon.
You worshipped Okawaru.
Okawaru was aware of your devotion.
You were very hungry.

You visited 1 branch of the dungeon, and saw 5 of its levels.

You collected 168 gold pieces.

Inventory:

Hand Weapons
 a - a +1 shortbow (weapon)
 b - a +0 short sword of protection
 r - a +0 short sword
Missiles
 d - 6 arrows (quivered)
Armour
 c - a +0 leather armour
 k - a +0 chain mail (worn)
 s - a +0 scale mail
 t - a +1 cloak (worn)
 x - a +2 pair of gloves (worn)
Jewellery
 p - an uncursed ring of protection from fire {unknown}
 u - a cursed -2 ring of strength {unknown}
 y - a +4 ring of dexterity {unknown}
Scrolls
 e - a scroll of random uselessness
 h - a scroll of teleportation
 l - 6 scrolls of remove curse
 n - a scroll of noise
Potions
 g - 4 potions of brilliance
 q - a potion of cancellation
Comestibles
 f - 2 bread rations
 i - 3 slices of pizza
 m - 2 meat rations
 o - a beef jerky


   Skills:
 - Level 2.4 Fighting
 + Level 10.1 Bows
 - Level 2.1 Dodging
 - Level 0.7 Stealth


You had 6 spell levels left.
You didn't know any spells.

Dungeon Overview and Level Annotations

Branches:
Dungeon (5/15)
 Temple: D:4-7

Altars:
Cheibriados
Fedhas
Okawaru
Pakellas
Vehumet
Xom


Innate Abilities, Weirdness & Mutations

You reflexively headbutt those who attack you in melee.
You have a pair of horns on your head.


Message History

Your magical effects are unravelling.
You feel magically purged.
* * * LOW HITPOINT WARNING * * *
You feel very sick. The orc hits you but does no damage.
Something hits you but does no damage. x2
You are more poisoned.
The worker ant bites you but does no damage.
Unknown command.
Okay, then.
Firing (i - inventory):
d - 7 arrows (quivered)
Press: ? - help, Shift-Dir - straight line, f/p - orc
Aim: an orc (almost dead)
You shoot an arrow. The arrow hits the orc.
You kill the orc!
Okawaru accepts your kill.
You feel less woody.
Your +1 cloak unmelds from your body.
Your +2 pair of gloves unmelds from your body.
Your +0 chain mail unmelds from your body.
You die...

..# #.........#### .##
#............### .#
#......###.....### .#
#....### ###.....## ##
###### ###....## #
###...## # ####
###..## ####..##
##..## ##@{....##
##..# ##a{(....^#
####.. #
##....##...#####.....
#
##...#####..##........
## ##...##
#..##.....)..
.##########...##
#...#........
..............#
##..#.........
.............##
#...#..>......
.....#......##
##..##.........


You could see a worker ant.

Vanquished Creatures
  Grinder (D:3)
  2 ogres (D:4)
  2 scorpions (D:4)
  An orc priest (D:5)
  An orc wizard (D:4)
  A worker ant (D:4)
  A hound skeleton (D:4)
  8 adders
  An adder skeleton (D:4)
  2 worms (D:2)
  3 dart slugs (D:1)
  3 giant geckos
  7 orcs (D:4)
  10 bats
  5 giant cockroaches
  7 goblins
  4 hobgoblins
  6 jackals
  A quokka (D:4)
  A giant gecko skeleton (D:4)
  5 giant newts
  8 kobolds
  8 rats
88 creatures vanquished.

Vanquished Creatures (others)
  A crocodile (D:4)
1 creature vanquished.

Grand Total: 89 creatures vanquished

Notes
Turn   | Place    | Note
--------------------------------------------------------------
     0 | D:1      | TheGoonsmith the Minotaur Hunter began the quest for the Orb.
     0 | D:1      | Reached XP level 1. HP: 18/18 MP: 0/0
    99 | D:1      | Reached skill level 5 in Bows
    99 | D:1      | Reached XP level 2. HP: 25/25 MP: 1/1
   604 | D:2      | Found an iron altar of Okawaru.
   606 | D:2      | Reached XP level 3. HP: 26/30 MP: 2/2
   612 | D:2      | Became a worshipper of Warmaster Okawaru
  1106 | D:2      | Reached skill level 6 in Bows
  1166 | D:2      | Reached XP level 4. HP: 26/37 MP: 3/3
  1883 | D:3      | Noticed Grinder
  1900 | D:3      | Killed Grinder
  1900 | D:3      | Reached * piety under Okawaru
  1900 | D:3      | Reached skill level 8 in Bows
  1900 | D:3      | Reached XP level 5. HP: 18/42 MP: 4/4
  1900 | D:3      | Reached XP level 6. HP: 21/50 MP: 5/5
  2076 | D:3      | Found a shimmering altar of Xom.
  2083 | D:3      | Found a radiant altar of Vehumet.
  2119 | D:3      | Found a snail-covered altar of Cheibriados.
  2344 | D:3      | Found a blossoming altar of Fedhas.
  3358 | D:4      | Reached skill level 9 in Bows
  3377 | D:4      | Reached XP level 7. HP: 48/56 MP: 6/6
  3964 | D:4      | Found an oddly glowing altar of Pakellas.
  3964 | D:4      | Noticed an orange crystal statue
  4229 | D:5      | Entered Level 5 of the Dungeon
  4236 | D:5      | Reached skill level 10 in Bows
  4253 | D:4      | HP: 2/84 [poisoned by an orc wizard]
  4254 | D:4      | Succumbed to an orc wizard's poison

Vault maps used:
D:1:      lightli_arrival_boilingwater
D:2:      minmay_door_path, lemuel_round_altar, minivault_19
D:3:      amethyst_overflow_temple_binary, old_standard_altar,
          lemuel_statue_altar, uniq_grinder
D:4:      first_bread, gammafunk_pakellas_statue_experiment
D:5:      nemelex_xobeh_ov_fountains_minmay, minmay_temple_entry_butterflies,
          gup_sewer_entry_bowl, serial_shops, shop, minmay_misc_feat_plants,
          cheibriados_altar_wand_db

Skill      XL: |  1  2  3  4  5  6  7 |
---------------+----------------------+-----
Bows           | 5 6 8 9 10 | 10.1
Fighting       | |  2.4
Dodging        | |  2.1
Stealth        | |  0.7

Action                   |  1- 3 |  4- 6 |  7- 9 || total
-------------------------+-------+-------+-------++-------
Melee: Short sword       |    58 |   110 |    24 ||   192
       Headbutt          |    11 |    13 |       ||    24
 Fire: Shortbow          |    15 |    30 |    33 ||    78
  Use: Scroll            |       |     9 |     1 ||    10
       Potion            |       |       |     5 ||     5
  Eat: Chunk             |     1 |     2 |     2 ||     5
       Bread ration      |       |     1 |       ||     1
Armor: Leather armour    |    12 |     5 |       ||    17
       Scale mail        |       |    77 |       ||    77
       Chain mail        |       |       |    49 ||    49
       Skin              |       |       |    13 ||    13
Dodge: Dodged            |    50 |    77 |    27 ||   154
